 Dungeon Crawl Stone Soup version 0.13-a0-3092-g1832de8 (webtiles) character file.

2178 Sachiko the Cleaver (level 8, -10/66 (69) HPs)
             Began as a Minotaur Fighter on Sept 18, 2013.
             Killed by divine providence
             ... invoked by an orc priest
              (14 damage)
             ... on Level 6 of the Dungeon.
             The game lasted 00:20:10 (4402 turns).

Sachiko the Cleaver (Minotaur Fighter)              Turns: 4402, Time: 00:20:10

HP -10/66 (69)   AC 13     Str 22      XL: 8   Next: 97%
MP   2/2         EV  6     Int  7      God:
Gold 239         SH 26     Dex  9      Spells:  0 memorised,  7 levels left

Res.Fire  : . . .   See Invis. : .   v - +1 orc war axe (venom)
Res.Cold  : . . .   Warding    : .   f - +1 chain mail
Life Prot.: . . .   Conserve   : .   i - +3 dwarf shield
Res.Poison: .       Res.Corr.  : .   (helmet restricted)
Res.Elec. : .       Clarity    : .   (no cloak)
Sust.Abil.: . .     Spirit.Shd : .   (no gloves)
Res.Mut.  : .       Stasis     : .   q - +0 pair of orc boots
Res.Rott. : .       Flight     : .   r - amulet of the gourmand
Gourmand  : +                        (no ring)
                                     k - ring of flight

@: slightly resistant to hostile enchantments, extremely unstealthy
A: retaliatory headbutt, horns 2, carnivore 1
a: Evoke Flight


You were on level 6 of the Dungeon.
You were full.

You visited 1 branch of the dungeon, and saw 6 of its levels.

You collected 219 gold pieces.

Inventory:

Hand weapons
 a - a +1,+1 hand axe {=f}
 v - a +1,+1 orcish war axe of venom (weapon)
Armour
 f - a +1 chain mail (worn)
 i - a +3 dwarven shield (worn)
 q - a +0 pair of orcish boots (worn)
Comestibles
 b - an apple
 d - 4 bread rations
 h - a rambutan
 l - a pear
 m - 2 meat rations
 o - a choko
 s - a cheese
Scrolls
 c - a scroll of curse jewellery
 g - 2 scrolls of remove curse
 j - a scroll of enchant armour
 p - a scroll of recharging
 t - a scroll of curse armour {unknown}
Jewellery
 k - a ring of flight (left hand)
 r - an amulet of the gourmand (around neck)
 u - an uncursed amulet of faith
Potions
 e - a potion of might


   Skills:
 + Level 6.1 Fighting
 * Level 8.8 Axes
 + Level 7.3 Armour
 + Level 8.5 Shields


You had 7 spell levels left.
You didn't know any spells.

Dungeon Overview and Level Annotations

Branches:
Dungeon (6/27)                Orc (0/4) D:6
 Temple: D:4-7

Altars:
Sif Muna


Innate Abilities, Weirdness & Mutations

You reflexively headbutt those who attack you in melee.
You have a pair of horns on your head.
Your digestive system is specialised to digest meat.


Message History

The orc priest hits you from afar with an orcish trident.
The orc priest invokes the aid of Beogh against you.
Something smites you!
* * * LOW HITPOINT WARNING * * *
The orc priest mumbles some strange prayers to Beogh against you.
Something smites you!
* * * LOW HITPOINT WARNING * * *
The orc wizard casts a spell at you. The puff of flame hits you!
* * * LOW HITPOINT WARNING * * *
The orc priest invokes the aid of Beogh against you.
Pain shoots through your body!
* * * LOW HITPOINT WARNING * * *
Drink which item? (? for menu, Esc to quit)
Okay, then.
Read which item? (? for menu, Esc to quit)
Okay, then.
The orc priest invokes the aid of Beogh against you.
Something smites you!
You die...

#........#
#........#
#........########
#....)...........
#...)[.##########
#......#...#####.
#........8.......
#......#...#####.
#..@...##.#'#
#......# .# ..
#...)..# .# >.#
#......# .# .
#.%....# .#
#..(%..# ..
#.oo...# 8
#..g...# #......#


You could see an orc priest, an orc wizard and a goblin.

Vanquished Creatures
  The ghost of Glidder the Covert, an average SpAs (D:4)
  A hill giant zombie (D:5)
  A hippogriff (D:6)
  A necrophage (D:6)
  2 orc warriors (D:6)
  An ogre (D:4)
  A phantom (D:5)
  A giant frog (D:6)
  A hippogriff zombie (D:5)
  A goliath beetle (D:4)
  A giant frog zombie (D:5)
  2 crimson imps (D:6)
  4 orc priests
  A gnoll shaman (D:6)
  A jelly (D:6)
  A scorpion (D:5)
  6 worker ants
  2 orc wizards
  A hound skeleton (D:5)
  8 adders
  9 gnolls
  2 giant mites
  An inept feature mimic (D:5)
  A worm (D:5)
  An adder skeleton (D:3)
  2 giant geckos
  25 orcs
  11 bats
  A bat skeleton (D:4)
  5 giant cockroaches
  13 hobgoblins
  3 jackals (D:3)
  5 ball pythons
  14 giant newts
  A giant newt skeleton (D:5)
  9 goblins
  A goblin zombie (D:5)
  12 kobolds
  A kobold skeleton (D:4)
  2 quokkas
  A quokka skeleton (D:4)
  47 rats
  A rat skeleton (D:6)
206 creatures vanquished.

Notes
Turn   | Place    | Note
--------------------------------------------------------------
     0 | D:1      | Sachiko, the Minotaur Fighter, began the quest for the Orb.
     0 | D:1      | Reached XP level 1. HP: 19/19 MP: 0/0
    24 | D:1      | Gained mutation: Your digestive system is specialised to digest meat. [potion of beneficial mutation]
   265 | D:1      | Reached XP level 2. HP: 26/26 MP: 0/0
   286 | D:1      | Reached skill level 4 in Shields
   854 | D:2      | Reached XP level 3. HP: 33/33 MP: 1/1
   976 | D:2      | Reached XP level 4. HP: 33/40 MP: 1/1
  1694 | D:3      | Reached XP level 5. HP: 46/46 MP: 1/1
  2021 | D:3      | Reached skill level 5 in Shields
  2267 | D:4      | Reached skill level 5 in Armour
  2317 | D:4      | Reached XP level 6. HP: 34/53 MP: 2/2
  2335 | D:4      | Paralysed by a potion of paralysis for 5 turns
  2374 | D:4      | Noticed Glidder's ghost (average SpAs)
  2408 | D:4      | Killed Glidder's ghost
  2408 | D:4      | Reached skill level 5 in Fighting
  2408 | D:4      | Reached skill level 5 in Axes
  2531 | D:4      | Reached XP level 7. HP: 44/60 MP: 2/2
  2614 | D:4      | Reached skill level 6 in Axes
  2724 | D:4      | Noticed an ogre
  2744 | D:4      | Killed an ogre
  3035 | D:5      | Entered Level 5 of the Dungeon
  3147 | D:5      | Reached skill level 7 in Axes
  3239 | D:5      | Found a staircase to the Ecumenical Temple.
  3242 | D:5      | the staircase to the Ecumenical Temple was a mimic.
  3293 | D:5      | Reached XP level 8. HP: 68/68 MP: 2/2
  3320 | D:5      | Found a deep blue altar of Sif Muna.
  3557 | D:6      | Reached skill level 8 in Axes
  4382 | D:6      | Found a staircase to the Orcish Mines.
  4401 | D:6      | HP: 3/66 [orc priest/nerve-wracking pain (2)]
  4402 | D:6      | Killed from afar by an orc priest

Action                   |  1- 3 |  4- 6 |  7- 9 || total
-------------------------+-------+-------+-------++-------
Melee: Hand axe          |    60 |   243 |   278 ||   581
       War axe           |       |       |     2 ||     2
  Use: Potion            |     3 |     1 |     5 ||     9
       Scroll            |     5 |     4 |     3 ||    12
